[Event "Khanty-Mansiysk FIDE GP (Women)"]
[Site "Khanty-Mansiysk"]
[Date "2014.04.20"]
[Round "10"]
[White "Ushenina, Anna"]
[Black "Dzagnidze, Nana"]
[Result "1/2-1/2"]
[ECO "E48"]
[WhiteElo "2501"]
[BlackElo "2550"]
[Annotator "ChessBase Website"]
[PlyCount "97"]
[EventDate "2014.04.09"]
[EventType "tourn"]
[EventRounds "11"]
[EventCountry "RUS"]
[EventCategory "10"]
[SourceTitle "CBM 160"]
[Source "ChessBase"]
[SourceDate "2014.05.15"]
[SourceVersion "1"]
[SourceVersionDate "2014.05.15"]
[SourceQuality "1"]
[TimeControl "40/5400+30:1800+30"]
[WhiteClock "1:30:00"]
[BlackClock "1:30:00"]

1. d4 Nf6 2. c4 e6 3. Nc3 Bb4 4. e3 O-O 5. Bd3 d5 6. a3 Bd6 (6... Bxc3+ 7. bxc3 dxc4 8. Bxc4 c5 9. Nf3 Qc7 10.
Ba2 b6 11. O-O Bb7 12. Nd2 Nbd7 13. Bb2 Rad8 14. Re1 Ne4 15. Nxe4 Bxe4 16. c4
cxd4 17. exd4 Bg6 18. Qe2 Nf6 19. d5 exd5 20. Bxf6 gxf6 21. cxd5 Qd6 22. Bc4
Rc8 23. a4 Rc5 24. Rad1 Kg7 25. Rd4 Rfc8 26. Red1 Qe5 27. Qa2 Rd8 28. Bf1 Rd6
29. Qd2 h5 30. f4 Qe7 31. Qf2 Qd7 32. Bb5 Qc8 33. Bc6 Qf5 34. h3 Rc2 35. R1d2
Rc1+ 36. Rd1 {Tkachiev,V (2637)-Wojtaszek,R (2711) Warsaw 2013 0-1}) 7. Nf3 b6 8. e4 dxe4 9. Nxe4 Nbd7 10. Nxd6 cxd6 11. O-O Bb7 12. Re1 $146 (12. Bf4 e5 13. dxe5 Bxf3 14. Qxf3 Nxe5 15. Qd1 Nxd3 16. Qxd3
d5 17. Rfd1 dxc4 18. Qxc4 Qc8 19. Rac1 Qxc4 20. Rxc4 Rfd8 21. Rxd8+ Rxd8 22. f3
Nd5 23. Bd2 f6 24. Kf2 Kf7 25. g4 Rd7 26. a4 g5 27. Ke2 h6 28. b4 Ne7 29. b5 f5
30. f4 fxg4 31. fxg5 h5 32. Rf4+ Kg7 33. Rf6 Ng6 34. a5 bxa5 35. Ra6 Ne5 36.
Bc3 Re7 37. Kf2 h4 38. Rh6 a4 39. Ra6 Kf7 40. Rxa4 Kg6 41. Bxe5 {1/2-1/2 (41)
Sokolov,I (2663)-Wang,H (2752) Wijk aan Zee 2013}) 12... Re8 13. Bg5 Qc7 14. Rc1 e5 15. Bf5 h6 16. Be3 Nf8 17. b4 e4 18.
Nd2 Bc8 19. Bxc8 Raxc8 20. d5 N8d7 21. Bd4 Qb7 22. Qc2 Nxd5 23.
Nxe4 Nf4 24. f3 Re6 25. Qd2 Ng6 26. Bb2 Qc6 27. Qd4 Nde5 28.
c5 bxc5 29. bxc5 dxc5 30. Rxc5 {[%emt 0:00:38] Another typical game for the
tournament: Ushenina obtained an opening advantage, missed a clear opportunity
to press forward and the game ended in a draw and a spoilt opportunity. Had
Ushenina converted every clear advantage she had this tournament the standings
would be entirely different.} Qa8 31. Kh1 Rd8 32. Qc3 Kh7 33. Rc7 Rc6 34. Rxc6 Qxc6 35. Qxc6 Nxc6 36. Rc1 Nge7 37. Kg1 Rd5 38. Bc3 f5 39. Nd2 Rd3 40. Nc4 Nd5 41. Bb2 Nf4 42. Kf1 Rb3 43. Rc3 Rb8 44. g3 Ne6 45. Kf2 Na5 46. Ba1 Nb3 47. Bb2 Na5 48. Ba1 Nb3 49. Bb2 1/2-1/2